 Dungeon Sprint DCSS version 0.31-a0-1591-g515db51633 (webtiles) character file.

Game seed: 9327276541459104211

576 Conn the Covert (level 7, -1/41 HPs)
             Began as an Octopode Fire Elementalist on Jan 6, 2024.
             Was an Initiate of Sif Muna.
             Engulfed by a cloud of steam (13 damage)
             ... in the Dungeon (Sprint II: "The Violet Keep of Menkaure").
             The game lasted 00:04:03 (424 turns).

Conn the Covert (Octopode Fire Elementalist)         Turns: 424, Time: 00:04:03

Health: -1/41      AC:  1    Str:  7    XL:     7   Next: 35%
Magic:  13/18      EV: 15    Int: 20    God:    Sif Muna [......]
Gold:   704        SH:  0    Dex: 12    Spells: 5/21 levels left

rFire   . . .        (no weapon)
rCold   . . .        (no shield)
rNeg    . . .        (helmet restricted)
rPois   .            (no amulet)
rElec   .            (no ring)
rCorr   .            (no ring)
SInv    .            (no ring)
Will    .....        (no ring)
Stlth   ++++++       (no ring)
HPRegen 0.26/turn    (no ring)
MPRegen 0.16/turn    (no ring)
                     (no ring)

%: no teleportation
@: no status effects
A: almost no armour, amphibious, 8 rings, camouflage 1, gelatinous body 1,
nimble swimmer 1, tentacles
a: Renounce Religion


You were in the Dungeon.
You worshipped Sif Muna.
Sif Muna was noncommittal.
You visited 1 branch You collected 704 gold pieces.

Inventory:

Missiles
 t - 5 poisoned darts
Jewellery
 m - a ring of ice
Scrolls
 d - 4 scrolls of identify {unknown}
 e - a scroll of torment {unknown}
 f - 2 scrolls of blinking
 h - a scroll of brand weapon {unknown}
 i - 2 scrolls of vulnerability {unknown}
 j - a scroll of poison {unknown}
 n - 2 scrolls of revelation {unknown}
 q - a scroll of immolation {unknown}
 r - a scroll of amnesia {unknown}
 s - a scroll of enchant weapon {unknown}
Potions
 a - 6 potions of magic
 b - 3 potions of curing
 c - a potion of heal wounds
 g - 5 potions of enlightenment {unknown}
 k - 3 potions of resistance {unknown}
 l - a potion of berserk rage
 o - a potion of mutation {unknown}
 p - a potion of brilliance {unknown}


   Skills:
 - Level 6.0 Dodging
 - Level 8.6 Stealth
 * Level 7.6 Spellcasting
 * Level 8.1 Conjurations
 + Level 0.9 Hexes
 + Level 6.4 Fire Magic
 * Level 1.3 Ice Magic
 + Level 1.0 Alchemy
 * Level 1.5 Invocations


You had 5 spell levels left.
You knew the following spells:

 Your Spells              Type           Power      Damage    Failure   Level
a - Foxfire               Conj/Fire      100%       2x1d9     1%          1
b - Scorch                Fire           66%        2d7       1%          2
c - Inner Flame           Hex/Fire       22%        N/A       6%          3
d - Flame Wave            Conj/Fire      36%        2d10      4%          4
e - Sculpt Simulacrum     Ice/Alch       6%         N/A       100%        6

Your spell library contained the following spells:

 Spells                   Type           Power      Damage    Failure   Level
 Volatile Blastmotes      Fire/Tloc      40%        2d13      7%          3
 Ozocubu's Refrigeration  Ice            6%         4d8       100%        7
 Polar Vortex             Ice            6%         N/A       100%        9


Dungeon Overview and Level Annotations

Branches:
Dungeon (1/1)

Altars:
Cheibriados
Dithmenos
Elyvilon
Fedhas
Gozag
Hepliaklqana
Kikubaaqudgha
Makhleb
Nemelex Xobeh
Okawaru
Qazlal
Ru
Sif Muna
Trog
Uskayaw
Vehumet
Wu Jian
Xom
Yredelemnul
Zin
The Shining One
Jiyva
Lugonu


Innate Abilities, Weirdness & Mutations

You cannot wear most types of armour.
You are amphibious.
You can wear up to eight rings at the same time.
Your skin changes colour to match your surroundings (Stealth+).
Your rubbery body absorbs attacks. (AC +1, EV +1)
You are camouflaged when in or above water. (Stealth+)
You have tentacles for arms and can constrict up to eight enemies at once.


Message History

Floosh! 2 tentacles come into view.
Casting: Scorch (safe; 1% risk of failure)
Confirm with . or Enter, or press ? or * to list all spells.
Flames lash the crocodile.
The crocodile is burned terribly!
You kill the crocodile!
Sif Muna accepts your kill.
You are engulfed in a cloud of scalding steam.
Your Conjurations skill increases to level 8!
Your Ice Magic skill increases to level 1!
Your Alchemy skill increases to level 1!
Your Invocations skill increases to level 1!
You start resting.
Magic restored.
You start resting.
A crocodile is nearby!
Casting: Scorch (safe; 1% risk of failure)
Confirm with . or Enter, or press ? or * to list all spells.
You conjure some foxfire!
Unknown command.
The foxfire hits the crocodile.
The crocodile is lightly wounded.
Unknown command.
Casting: Foxfire (safe; 1% risk of failure)
Confirm with . or Enter, or press ? or * to list all spells.
Flames lash the crocodile.
The crocodile is heavily wounded.
The crocodile's fire resistance burns away.
Unknown command.
Casting: Scorch (safe; 1% risk of failure)
Confirm with . or Enter, or press ? or * to list all spells.
Flames lash the crocodile.
The crocodile is burned terribly!
The crocodile is almost dead.
The crocodile bites you!
* * * LOW HITPOINT WARNING * * *
The crocodile drags you backwards!
Floosh!
Your foxfire dissipates!
You are engulfed in a cloud of scalding steam.
You die...

. #|}▓..(.....▓▓ .####
+.####)°▓...[[..)▓▓ ...#
...####▓......).▓▓ ##..##
#..# #▓..[.%..[▓▓ .##..# +.^#
#▓...).[.)▓▓ ..#..# #..#
#▓..(....)▓▓
##'..####^.####▓........▓▓
..#....###§..##▓▓▓▓▓▓▓'▓▓▓▓+▓
.##......~~~~~~§@§l~~~†..Xw≈▓
##~~.....§#'########'###.≈w≈▓
~~~~§~§..~#.._.....#~~~##≈≈≈▓
~~~~~~§~.~#._._....#~~§≈####▓
~~≈≈≈~~~~~#_._._...#§§§§≈#
~~~≈≈≈§§~~#._._._..#§§§≈≈≈#
#~≈≈≈§≈§≈~#_._._._.#§§~~~≈+
##≈≈§###§≈#._._._._#§~~~≈l#
##§≈ #≈≈#_._._._.#§


You could see a crocodile (combustible).

Vanquished Creatures
  2 crocodiles (D)
  4 scorpions (D)
  4 necrophages (D)
10 creatures vanquished.

Vanquished Creatures (collateral kills)
  A foxfire (D)
1 creature vanquished.

Vanquished Creatures (others)
  22 foxfires (D)
  4 tentacles (D)
26 creatures vanquished.

Grand Total: 37 creatures vanquished

Notes
Turn   | Place    | Note
-------+----------+-------------------------------------------
     0 | D        | Conn the Octopode Fire Elementalist began the quest for the
                  | Orb.
     0 | D        | Reached XP level 1. HP: 11/11 MP: 3/3
     1 | D        | Noticed a necrophage
     1 | D        | Noticed a necrophage
     1 | D        | Noticed a necrophage
     1 | D        | Noticed a necrophage
    10 | D        | Killed a necrophage
    11 | D        | Reached XP level 2. HP: 17/17 MP: 4/7
    11 | D        | Reached XP level 3. HP: 21/21 MP: 4/8
    13 | D        | Killed a necrophage
    14 | D        | Reached skill level 5 in Stealth
    14 | D        | Reached XP level 4. HP: 27/27 MP: 4/10
    20 | D        | Killed a necrophage
    21 | D        | Reached skill level 5 in Spellcasting
    21 | D        | Reached skill level 5 in Conjurations
    21 | D        | Reached skill level 5 in Fire Magic
    21 | D        | Reached XP level 5. HP: 28/31 MP: 4/13
    30 | D        | Reached XP level 6. HP: 19/36 MP: 4/15
    42 | D        | Learned a level 2 spell: Scorch
    47 | D        | Learned a level 4 spell: Flame Wave
    51 | D        | Learned a level 3 spell: Inner Flame
    56 | D        | Noticed a wyvern
    56 | D        | Noticed a wyvern
    71 | D        | Reached skill level 5 in Dodging
   100 | D        | Reached XP level 7. HP: 20/41 MP: 1/17
   131 | D        | Noticed a neqoxec
   141 | D        | Found a stormy altar of Qazlal.
   141 | D        | Found an ornate altar of the Wu Jian Council.
   142 | D        | Found a hazy altar of Hepliaklqana.
   142 | D        | Found a sacrificial altar of Ru.
   143 | D        | Found a viscous altar of Jiyva.
   143 | D        | Found a shimmering blue altar of Sif Muna.
   143 | D        | Found a shimmering altar of Xom.
   144 | D        | Found a snail-covered altar of Cheibriados.
   144 | D        | Found an ancient bone altar of Kikubaaqudgha.
   144 | D        | Found a bloodstained altar of Trog.
   144 | D        | Found a glowing golden altar of the Shining One.
   144 | D        | Found a basalt altar of Yredelemnul.
   145 | D        | Found a shadowy altar of Dithmenos.
   145 | D        | Found a corrupted altar of Lugonu.
   145 | D        | Found a hide-covered altar of Uskayaw.
   146 | D        | Found a white marble altar of Elyvilon.
   146 | D        | Found a burning altar of Makhleb.
   147 | D        | Found a blossoming altar of Fedhas.
   149 | D        | Found an opulent altar of Gozag.
   149 | D        | Found a sparkling altar of Nemelex Xobeh.
   150 | D        | Found a glowing silver altar of Zin.
   150 | D        | Found a radiant altar of Vehumet.
   150 | D        | Found an iron altar of Okawaru.
   155 | D        | Became a worshipper of Sif Muna the Loreminder
   168 | D        | Noticed a kraken
   355 | D        | Learned a level 6 spell: Sculpt Simulacrum
   379 | D        | Reached skill level 1 in Ice Magic
   379 | D        | Reached skill level 1 in Alchemy
   379 | D        | Reached skill level 1 in Invocations
   424 | D        | Engulfed by a cloud of steam

Illustrated notes

Levels and vault maps discovered:
D:        the_violet_keep_of_menkaure [sprint2_stairs_cluster_1,
          sprint2_shoproom, sprint2_temple, sprint2_basic_supplies,
          sprint2_obstacle_5, sprint2_obstacle_2, sprint2_obstacle_7,
          sprint2_obstacle_4, sprint2_obstacle_6, sprint2_timed_cluster_1,
          sprint2_smallroom_cluster_1, sprint2_smallroom_final_cluster_1,
          sprint2_transparent_cluster_1, sprint2_second_timed_cluster_1,
          sprint2_sniper_area_1, sprint2_heavy_combat_area_1,
          sprint2_mutation_trap_area_1, sprint2_forest_area_1,
          sprint2_light_combat_area_1, sprint2_behind_water_1,
          sprint2_near_end_vault_1]

Skill      XL: |  1  2  3  4  5  6  7 |
---------------+----------------------+-----
Dodging        | 3 4 5 6 |  6.0
Stealth        | 4 5 6 7 8 |  8.6
Spellcasting   | 4 5 6 7 |  7.6
Conjurations   | 3 4 5 6 7 8 |  8.1
Fire Magic     | 4 5 6 |  6.4
Ice Magic      | 1 |  1.3
Alchemy        | 1 |  1.0
Invocations    | 1 |  1.5
Hexes          | |  0.9

Action                     |  1- 3 |  4- 6 |  7- 9 || total
---------------------------+-------+-------+-------++-------
  Melee: Unarmed           |    10 |    23 |       ||    33
         Tentacles         |     2 |     8 |       ||    10
         Constrict         |     2 |     4 |       ||     6
   Cast: Foxfire           |       |    12 |     1 ||    13
         Inner Flame       |       |     1 |       ||     1
         Scorch            |       |       |     5 ||     5
         Flame Wave        |       |       |     1 ||     1
    Use: Potion            |     2 |       |       ||     2
 Armour: Skin              |       |     7 |     4 ||    11
  Dodge: Dodged            |     5 |    16 |     3 ||    24

Table legend: (Time is in decaauts)
 A = Elapsed time spent in this place.
 B = Non-inter-level travel time spent in this place.
 C = Inter-level travel time spent in this place.
 D = Time resting spent in this place.
 E = Time spent auto-exploring this place.
 F = Levels seen in this place.
 G = Mean time per level.
                   A        B        C        D        E       F      G
               +--------+--------+--------+--------+--------+-----+--------+
         Total |    419 |    419 |      0 |     76 |      0 |   1 |  419.0 |
       Dungeon |    419 |    419 |      0 |     76 |      0 |   1 |  419.0 |
               +--------+--------+--------+--------+--------+-----+--------+

Top non-repeatable levels by time:
       D: 419 daAuts
